3L
CHICAGO SILVER SOX @ BUFFALO WHITE WALKERS
10/01/2037
 
TOP OF THE 1ST
Chicago Silver Sox batting - Pitching for Buffalo White Walkers : RHP Kent Good
Pitching: RHP Kent Good
Batting: RHB Manuel Ramos 0-0: Ball
1-0: Called Strike
1-1: Foul Ball, location: 2F
1-2: Foul Ball, location: 2F
1-2: DOUBLE (Line Drive, 9LM, EV 102.5 MPH)
Batting: SHB Bren Spillane 0-0: Ball
1-0: Ball
2-0: Fly out, F9 (Flyball, 89S, EV 82.5 MPH)
Batting: SHB Gerrie Bond 0-0: Ground out 6-3 (Groundball, 6MS, EV 88.1 MPH)
Manuel Ramos to third
Batting: LHB Jonathan Gunner 0-0: DOUBLE (Groundball, 3L, EV 93.8 MPH)
Manuel Ramos scores
Batting: LHB Chris Fitzgerald 0-0: Swinging Strike
0-1: Swinging Strike
0-2: Ground out 4-3 (Groundball, 4, EV 81.9 MPH)
Top of the 1st over - 1 run, 2 hits, 0 errors, 1 left on base; Chicago 1 - Buffalo 0
BOTTOM OF THE 1ST
Buffalo White Walkers batting - Pitching for Chicago Silver Sox : RHP Forest Stanley
Pitching: RHP Forest Stanley
Batting: LHB Jesús Lazcano 0-0: Ball
1-0: SOLO HOME RUN (Flyball, 9D, EV 93.8 MPH), Distance : 339 ft
Batting: LHB Dread Roberts 0-0: Bunted foul
0-1: Ball
1-1: Foul Ball, location: 2F
1-2: Ground out U3 (Groundball, 3L, EV 83.8 MPH)
Batting: SHB Je-myung Yu 0-0: Ball
1-0: Ball
2-0: Ball
3-0: Called Strike
3-1: Called Strike
3-2: DOUBLE (Flyball, 89D, EV 101.2 MPH)
Batting: SHB Max Bortenschlager 0-0: Fly out, F9 (Line Drive, 9, EV 95.6 MPH)
Batting: LHB Gilberto Ocasio 0-0: Swinging Strike
0-1: SINGLE (Groundball, 25, EV 66.2 MPH) (infield hit)
Je-myung Yu to third
Batting: RHB Luis Tañón 0-0: Called Strike
Gilberto Ocasio is caught stealing 2nd base 2-4
Bottom of the 1st over - 1 run, 3 hits, 0 errors, 1 left on base; Chicago 1 - Buffalo 1
TOP OF THE 2ND
Chicago Silver Sox batting - Pitching for Buffalo White Walkers : RHP Kent Good
Batting: RHB Fortunato Rasquinha 0-0: Called Strike
0-1: Ball
1-1: Called Strike
1-2: Ball
2-2: SINGLE (Line Drive, 7S, EV 101.2 MPH)
Batting: LHB Ashley Thachi 0-0: Called Strike
0-1: Swinging Strike
0-2: Ball
1-2: Grounds into double play, 4-6-3 (Groundball, 4, EV 83.8 MPH)
Batting: LHB Jayden Laming 0-0: Ground out 5-3 (Groundball, 56, EV 92.5 MPH)
Top of the 2nd over - 0 runs, 1 hit, 0 errors, 0 left on base; Chicago 1 - Buffalo 1
BOTTOM OF THE 2ND
Buffalo White Walkers batting - Pitching for Chicago Silver Sox : RHP Forest Stanley
Batting: RHB Luis Tañón 0-0: Called Strike
0-1: Ball
1-1: Ball
2-1: Foul Ball, location: 2F
2-2: Strikes out swinging
Batting: RHB Daryl Yandell 0-0: Called Strike
0-1: Foul Ball, location: 2F
0-2: Foul Ball, location: 2F
0-2: Ground out 5-3 (Groundball, 5S, EV 86.9 MPH)
Batting: RHB Tom Smythe 0-0: Ball
1-0: Called Strike
1-1: Foul Ball, location: 2F
1-2: Strikes out swinging
Bottom of the 2nd over - 0 runs, 0 hits, 0 errors, 0 left on base; Chicago 1 - Buffalo 1
TOP OF THE 3RD
Chicago Silver Sox batting - Pitching for Buffalo White Walkers : RHP Kent Good
Batting: RHB José García 0-0: Called Strike
0-1: Swinging Strike
0-2: Ground out 5-3 (Groundball, 56, EV 101.2 MPH)
Batting: RHB Manuel Ramos 0-0: Ball
1-0: Fly out, F9 (Flyball, 9, EV 89.4 MPH)
Batting: SHB Bren Spillane 0-0: Fly out, F6 (Popup, 56D, EV 54.4 MPH)
Top of the 3rd over - 0 runs, 0 hits, 0 errors, 0 left on base; Chicago 1 - Buffalo 1
BOTTOM OF THE 3RD
Buffalo White Walkers batting - Pitching for Chicago Silver Sox : RHP Forest Stanley
Batting: RHB Panas Pletnev 0-0: Ball
1-0: Called Strike
1-1: Swinging Strike
1-2: Fly out, F7 (Flyball, 7S, EV 93.8 MPH)
Batting: LHB Jesús Lazcano 0-0: Ball
1-0: Ball
2-0: Fly out, F5 (Popup, 5S, EV 82.5 MPH)
Batting: LHB Dread Roberts 0-0: SINGLE (Groundball, 34, EV 90.6 MPH) (infield hit)
Batting: SHB Je-myung Yu 0-0: Ball
1-0: Fly out, F5 (Line Drive, 6, EV 72.5 MPH)
Bottom of the 3rd over - 0 runs, 1 hit, 0 errors, 1 left on base; Chicago 1 - Buffalo 1
TOP OF THE 4TH
Chicago Silver Sox batting - Pitching for Buffalo White Walkers : RHP Kent Good
Batting: SHB Gerrie Bond 0-0: Fly out, F8 (Flyball, 8LXD, EV 87.5 MPH)
Batting: LHB Jonathan Gunner 0-0: Called Strike
0-1: Swinging Strike
0-2: Ground out 1-3 (Groundball, 34S, EV 77.5 MPH)
Batting: LHB Chris Fitzgerald 0-0: Ball
1-0: Ball
2-0: Foul Ball, location: 2F
2-1: Foul Ball, location: 2F
2-2: Ball
3-2: Fly out, F8 (Flyball, 8LD, EV 95.0 MPH)
Top of the 4th over - 0 runs, 0 hits, 0 errors, 0 left on base; Chicago 1 - Buffalo 1
BOTTOM OF THE 4TH
Buffalo White Walkers batting - Pitching for Chicago Silver Sox : RHP Forest Stanley
Batting: SHB Max Bortenschlager 0-0: Ball
1-0: SINGLE (Groundball, 34D, EV 102.5 MPH)
Batting: LHB Gilberto Ocasio 0-0: Called Strike
0-1: Called Strike
0-2: Fly out, F9 (Flyball, 9LS, EV 88.8 MPH)
Batting: RHB Luis Tañón 0-0: Ball
1-0: Ball
2-0: Foul Ball, location: 2F
2-1: Foul Ball, location: 2F
2-2: Grounds into double play, 4-6-3 (Groundball, 4, EV 111.9 MPH)
Bottom of the 4th over - 0 runs, 1 hit, 0 errors, 0 left on base; Chicago 1 - Buffalo 1
TOP OF THE 5TH
Chicago Silver Sox batting - Pitching for Buffalo White Walkers : RHP Kent Good
Batting: RHB Fortunato Rasquinha 0-0: Swinging Strike
0-1: Swinging Strike
0-2: Ball
1-2: Ball
2-2: Ball
3-2: Foul Ball, location: 2F
3-2: Strikes out swinging
Batting: LHB Ashley Thachi 0-0: Ball
1-0: Called Strike
1-1: DOUBLE (Line Drive, 9LS, EV 95.0 MPH)
Batting: LHB Jayden Laming 0-0: Swinging Strike
0-1: Ground out 6-3 (Groundball, 6, EV 80.6 MPH)
Batting: RHB José García 0-0: Ball
1-0: Ball
2-0: Called Strike
2-1: Swinging Strike
2-2: SINGLE (Groundball, 6MD, EV 96.9 MPH)
Ashley Thachi to third
Runner from 3rd tries for Home, SAFE, throw by CF to home
Batting: RHB Manuel Ramos 0-0: Ball
1-0: Ground out 3-1 (Groundball, 34S, EV 75.6 MPH)
Top of the 5th over - 1 run, 2 hits, 0 errors, 1 left on base; Chicago 2 - Buffalo 1
BOTTOM OF THE 5TH
Buffalo White Walkers batting - Pitching for Chicago Silver Sox : RHP Forest Stanley
Batting: RHB Daryl Yandell 0-0: Called Strike
0-1: Foul Ball, location: 2F
0-2: Ground out 5-3 (Groundball, 56, EV 93.8 MPH)
Batting: RHB Tom Smythe 0-0: Ball
1-0: Foul Ball, location: 2F
1-1: Ball
2-1: Ball
3-1: Called Strike
3-2: Ground out 6-3 (Groundball, 6M, EV 80.0 MPH)
Batting: RHB Panas Pletnev 0-0: Called Strike
0-1: SOLO HOME RUN (Flyball, 7D, EV 110.0 MPH), Distance : 364 ft
Batting: LHB Jesús Lazcano 0-0: Ball
1-0: Ball
2-0: Ball
3-0: Called Strike
3-1: Ground out 4-3 (Groundball, 34D, EV 98.8 MPH)
Bottom of the 5th over - 1 run, 1 hit, 0 errors, 0 left on base; Chicago 2 - Buffalo 2
TOP OF THE 6TH
Chicago Silver Sox batting - Pitching for Buffalo White Walkers : RHP Kent Good
Batting: SHB Bren Spillane 0-0: Called Strike
0-1: Called Strike
0-2: Ball
1-2: Ground out 1-3 (Groundball, 15S, EV 70.6 MPH)
Batting: SHB Gerrie Bond 0-0: Called Strike
0-1: Ball
1-1: Foul Ball, location: 2F
1-2: SINGLE (Groundball, 4MD, EV 95.6 MPH)
Batting: LHB Jonathan Gunner 0-0: Ball
1-0: Ball
2-0: Foul Ball, location: 2F
2-1: Foul Ball, location: 2F
2-2: Ball
3-2: Foul Ball, location: 2F
3-2: Base on Balls
Gerrie Bond to second
Batting: LHB Chris Fitzgerald 0-0: Fly out, F7 (Flyball, 7D, EV 108.1 MPH)
Runner from 2nd tags up, SAFE at 3rd, no throw by LF
Batting: RHB Fortunato Rasquinha 0-0: Ball
1-0: Foul Ball, location: 2F
1-1: Ball
2-1: TRIPLE (Flyball, 9LD, EV 110.0 MPH)
Gerrie Bond scores
Jonathan Gunner scores
Batting: LHB Ashley Thachi 0-0: Foul Ball, location: 2F
0-1: Foul Ball, location: 2F
0-2: Strikes out swinging
Top of the 6th over - 2 runs, 2 hits, 0 errors, 1 left on base; Chicago 4 - Buffalo 2
BOTTOM OF THE 6TH
Buffalo White Walkers batting - Pitching for Chicago Silver Sox : RHP Forest Stanley
Batting: LHB Dread Roberts 0-0: Swinging Strike
0-1: Swinging Strike
0-2: Strikes out swinging
Batting: SHB Je-myung Yu 0-0: Called Strike
0-1: Ball
1-1: Ball
2-1: Ball
3-1: SOLO HOME RUN (Flyball, 78XD, EV 110.0 MPH), Distance : 381 ft
Batting: SHB Max Bortenschlager 0-0: Ball
1-0: Ball
2-0: Ground out 4-3 (Groundball, 4, EV 102.5 MPH)
Batting: LHB Gilberto Ocasio 0-0: Called Strike
0-1: Ball
1-1: Ground out 4-3 (Groundball, 4, EV 85.0 MPH)
Bottom of the 6th over - 1 run, 1 hit, 0 errors, 0 left on base; Chicago 4 - Buffalo 3
TOP OF THE 7TH
Chicago Silver Sox batting - Pitching for Buffalo White Walkers : RHP Kent Good
Batting: LHB Jayden Laming 0-0: Ground out 6-3 (Groundball, 6, EV 105.0 MPH)
Batting: RHB José García 0-0: Ball
1-0: Fly out, F9 (Flyball, 9D, EV 101.2 MPH)
Batting: RHB Manuel Ramos 0-0: Ball
1-0: Called Strike
1-1: Fly out, F9 (Flyball, 9, EV 88.8 MPH)
Top of the 7th over - 0 runs, 0 hits, 0 errors, 0 left on base; Chicago 4 - Buffalo 3
BOTTOM OF THE 7TH
Buffalo White Walkers batting - Pitching for Chicago Silver Sox : RHP Forest Stanley
Pitching: RHP Shang-de Fu
Batting: RHB Luis Tañón 0-0: Ball
1-0: Fly out, F8 (Line Drive, 8RD, EV 92.5 MPH)
Batting: RHB Daryl Yandell 0-0: Foul Ball, location: 2F
0-1: Ball
1-1: Ball
2-1: Fly out, F6 (Popup, 6M, EV 51.2 MPH)
Batting: RHB Tom Smythe 0-0: Ball
1-0: Ball
2-0: Called Strike
2-1: Foul Ball, location: 2F
2-2: Strikes out looking
Bottom of the 7th over - 0 runs, 0 hits, 0 errors, 0 left on base; Chicago 4 - Buffalo 3
TOP OF THE 8TH
Chicago Silver Sox batting - Pitching for Buffalo White Walkers : RHP Kent Good
Batting: SHB Bren Spillane 0-0: Foul Ball, location: 2F
0-1: Called Strike
0-2: Foul Ball, location: 2F
0-2: Ball
1-2: Ball
2-2: Ball
3-2: Foul Ball, location: 2F
3-2: Strikes out swinging
Pitching: RHP Ron Manning
Batting: SHB Gerrie Bond 0-0: Ball
1-0: Ball
2-0: Foul Ball, location: 2F
2-1: Called Strike
2-2: Foul Ball, location: 2F
2-2: Strikes out swinging
Batting: LHB Jonathan Gunner 0-0: Swinging Strike
0-1: Called Strike
0-2: Ball
1-2: Ground out 1-3 (Groundball, P, EV 85.0 MPH)
Top of the 8th over - 0 runs, 0 hits, 0 errors, 0 left on base; Chicago 4 - Buffalo 3
BOTTOM OF THE 8TH
Buffalo White Walkers batting - Pitching for Chicago Silver Sox : RHP Shang-de Fu
Batting: RHB Panas Pletnev 0-0: Ball
1-0: Ball
2-0: Ball
3-0: Called Strike
3-1: Base on Balls
Batting: LHB Jesús Lazcano 0-0: Called Strike
0-1: Ball
1-1: Called Strike
1-2: Ball
2-2: Fielders Choice at 2nd, 6-4 (Groundball, 6M, EV 80.0 MPH)
Batting: LHB Dread Roberts 0-0: Ball
1-0: Ball
Pickoff Throw by Catcher to First - Error! E2
Jesús Lazcano to second
2-0: Foul Ball, location: 2F
2-1: Foul Ball, location: 2F
2-2: Ball
3-2: Foul Ball, location: 2F
3-2: Foul Ball, location: 2F
3-2: Strikes out looking
Batting: SHB Je-myung Yu 0-0: Called Strike
0-1: Ball
1-1: Called Strike
1-2: Fly out, F8 (Flyball, 78D, EV 106.2 MPH)
Bottom of the 8th over - 0 runs, 0 hits, 1 error, 1 left on base; Chicago 4 - Buffalo 3
TOP OF THE 9TH
Chicago Silver Sox batting - Pitching for Buffalo White Walkers : RHP Ron Manning
Pitching: RHP Woodward Haberdash
Batting: LHB Chris Fitzgerald 0-0: Swinging Strike
0-1: Called Strike
0-2: Strikes out swinging
Batting: RHB Fortunato Rasquinha 0-0: Ball
1-0: Called Strike
1-1: Foul Ball, location: 2F
1-2: Ground out 4-3 (Groundball, 4, EV 102.5 MPH)
Batting: LHB Ashley Thachi 0-0: Ball
1-0: Ball
2-0: Ball
3-0: Called Strike
3-1: Ground out U3 (Groundball, 3, EV 82.5 MPH)
Top of the 9th over - 0 runs, 0 hits, 0 errors, 0 left on base; Chicago 4 - Buffalo 3
BOTTOM OF THE 9TH
Buffalo White Walkers batting - Pitching for Chicago Silver Sox : RHP Shang-de Fu
Batting: SHB Max Bortenschlager 0-0: Ground out 4-3 (Groundball, 4, EV 90.6 MPH)
Batting: LHB Gilberto Ocasio 0-0: Ball
1-0: Ball
2-0: Called Strike
2-1: Ball
3-1: Foul Ball, location: 2F
3-2: Base on Balls
Pitching: RHP Valentin Calhamar
Batting: RHB Luis Tañón 0-0: Foul Ball, location: 2F
0-1: Ball
1-1: Ball
2-1: Called Strike
2-2: Ground out 5-3 (Groundball, 56S, EV 66.2 MPH)
Gilberto Ocasio to second
Batting: RHB Daryl Yandell 0-0: Ball
1-0: Fly out, F8 (Flyball, 8LD, EV 80.6 MPH)
Bottom of the 9th over - 0 runs, 0 hits, 0 errors, 1 left on base; Chicago 4 - Buffalo 3
Thursday, January 23rd, 2020 - OOTP Baseball 20.8 Build 74